 Dungeon Crawl Stone Soup version 0.26.1-15-g04117e645d (webtiles) character file.

Game seed: 4477782340099590783

182 Froggeryz the Insei (level 5, -5/33 HPs)
             Began as an Octopode Transmuter on July 20, 2022.
             Slain by a centaur skeleton (7 damage)
             ... on level 4 of the Dungeon.
             The game lasted 00:02:33 (2701 turns).

Froggeryz the Insei (Octopode Transmuter)           Turns: 2701, Time: 00:02:34

Health: -5/33      AC:  1    Str: 10    XL:     5   Next: 61%
Magic:  8/8        EV: 13    Int: 15    God:
Gold:   113        SH:  0    Dex: 13    Spells: 7/8 levels left

rFire    . . .     SeeInvis .   i - +1 dagger (venom)
rCold    . . .     Faith    .   (no shield)
rNeg     . . .     Spirit   .   (helmet restricted)
rPois    .         Reflect  .   (no amulet)
rElec    .         Harm     .   (no ring)
rCorr    .         Rampage  .   c - ring of stealth
Will     .....                  (no ring)
Stlth    ++++......             (no ring)
HPRegen  0.11/turn              (no ring)
MPRegen  0.11/turn              (no ring)
                                (no ring)
                                (no ring)

@: no status effects
A: almost no armour, stealthy swim, amphibious, 8 rings, constrict 8, camouflage
1, gelatinous body 1
a: no special abilities


You were on level 4 of the Dungeon.
You visited 1 branch of the dungeon, and saw 4 of its levels.

You collected 113 gold pieces.

Inventory:

Hand Weapons
 i - a +1 dagger of venom (weapon)
Missiles
 d - 7 boomerangs
Jewellery
 c - a ring of stealth (right tentacle)
 e - an uncursed ring of fire
Wands
 k - a wand of iceblast (9)
Scrolls
 g - a scroll of fear {unknown}
 j - 4 scrolls of teleportation
 l - a scroll of remove curse
Potions
 a - a potion of degeneration {unknown}
 b - a potion of cancellation {unknown}
 f - 2 potions of invisibility {unknown}
 h - a potion of attraction {unknown}
 m - 2 potions of brilliance {unknown}


   Skills:
 + Level 1.0 Fighting
 - Level 2.0 Dodging
 - Level 4.0 Stealth
 * Level 5.3 Unarmed Combat
 - Level 2.0 Spellcasting
 - Level 2.0 Transmutations


You had 7 spell levels left.
You knew the following spells:

 Your Spells              Type           Power        Failure   Level
a - Beastly Appendage     Tmut           14%          10%         1

Your spell library contained the following spells:

 Spells                   Type           Power        Failure   Level
 Wereblood                Tmut           7%           14%         2
 Spider Form              Tmut/Pois      2%           41%         3
 Ice Form                 Ice/Tmut       4%           82%         4
 Blade Hands              Tmut           3%           95%         5


Dungeon Overview and Level Annotations

Branches:
Dungeon (4/15)
 Temple: D:4-7

Altars:
Ashenzari
Cheibriados

Annotations:
D:3 3 runed translucent doors, Sensen's ghost, weakling FoAK


Innate Abilities, Weirdness & Mutations

You cannot wear most types of armour.
You are very stealthy in the water. (Stealth+)
You are amphibious.
You can wear up to eight rings at the same time.
You can use your tentacles to constrict eight enemies at once.
Your skin changes colour to match your surroundings (Stealth+).
Your rubbery body absorbs attacks. (AC +1, EV +1)


Message History

The centaur skeleton is severely damaged.
The centaur skeleton hits you.
You are too injured to fight recklessly!
You are too injured to fight recklessly!
There are monsters nearby!
There are monsters nearby!
You are too injured to fight recklessly!
You are too injured to fight recklessly!
You are too injured to fight recklessly!
You are too injured to fight recklessly!
You hit the centaur skeleton.
The centaur skeleton is severely damaged.
The centaur skeleton hits you.
* * * LOW HITPOINT WARNING * * *
The centaur skeleton hits you.
* * * LOW HITPOINT WARNING * * *
You hit the centaur skeleton.
The centaur skeleton is severely damaged.
The centaur skeleton hits you!
You die...

## ......(.#.#..
#.##............
............... ...
#...>........
#..##..........#
##........s.....##
#............Z...#
............@..#
................#
.............##.#
..........##.##.#
.........###..#..
..................
...............##..
................
...
.......<.........


You could see a scorpion and a centaur skeleton.

Vanquished Creatures
  An orc priest (D:3)
  An orc wizard (D:3)
  3 gnolls (D:3)
  3 adders
  A worm (D:3)
  3 dart slugs
  A leopard gecko (D:3)
  4 orcs (D:3)
  3 ball pythons
  2 giant cockroaches
  7 goblins
  5 hobgoblins
  A quokka (D:2)
  4 bats
  6 frilled lizards
  9 kobolds
  10 rats
64 creatures vanquished.

Notes
Turn   | Place    | Note
-------+----------+-------------------------------------------
     0 | D:1      | Froggeryz the Octopode Transmuter began the quest for the
                  | Orb.
     0 | D:1      | Reached XP level 1. HP: 13/13 MP: 3/3
   177 | D:1      | Reached skill level 1 in Stealth
   239 | D:1      | Reached XP level 2. HP: 18/18 MP: 5/5
   555 | D:1      | Reached XP level 3. HP: 23/23 MP: 6/6
   564 | D:1      | You fall into a shaft and drop 1 floor!
  1355 | D:2      | Reached skill level 4 in Unarmed Combat
  1539 | D:2      | Found a snail-covered altar of Cheibriados.
  1886 | D:3      | Found a runed translucent gate.
  1886 | D:3      | Found a runed translucent gate.
  1887 | D:3      | Found a runed translucent gate.
  1890 | D:3      | Noticed Sensen's ghost (weakling FoAK)
  1974 | D:3      | Reached XP level 4. HP: 25/28 MP: 7/7
  2264 | D:3      | Found a broken altar of Ashenzari.
  2335 | D:3      | Reached XP level 5. HP: 18/33 MP: 8/8
  2337 | D:3      | Reached skill level 5 in Unarmed Combat
  2701 | D:4      | Slain by a centaur skeleton

Illustrated notes

Levels and vault maps discovered:
D:1:      minmay_arrival_checkered_box, layout_loops_ring
D:2:      layout_loops_corners, cheibriados_altar_1
D:3:      layout_rooms, nicolae_ashenzari_panopticon, gammafunk_ghost_necromancy
D:4:      layout_cave_pools, nicolae_dithmenos_shadow_blocks

Skill      XL: |  1  2  3  4  5 |
---------------+----------------+-----
Stealth        | 1 2 3 4 |  4.0
Unarmed Combat | 4 5 |  5.3
Fighting       | |  1.0
Dodging        | |  2.0
Spellcasting   | |  2.0
Transmutations | |  2.0

Action                   |  1- 3 |  4- 6 || total
-------------------------+-------+-------++-------
Melee: Unarmed           |    68 |       ||    68
       Constrict         |    23 |    14 ||    37
       Tentacles         |    12 |     3 ||    15
       Punch             |     1 |     2 ||     3
       Dagger            |     9 |    44 ||    53
  Use: Scroll            |     2 |     2 ||     4
 Stab: Sleeping          |    10 |    12 ||    22
Armor: Skin              |     6 |     2 ||     8
Dodge: Dodged            |    38 |    20 ||    58
